APP
OREM OWLZ @ CLEVELAND (APP) INDIANS
10/11/2046
 
TOP OF THE 1ST
Orem Owlz batting - Pitching for Detroit (APP) Tigers : RHP Mark Curtis
Pitching: RHP Mark Curtis
Batting: RHB Carlos Martinez 0-0: Called Strike
0-1: Swinging Strike
0-2: Ball
1-2: Ball
2-2: Strikes out swinging
Batting: SHB Jesse Snyder 0-0: Called Strike
0-1: Ball
1-1: Swinging Strike
1-2: Ground out 6-3 (Groundball, 6MS, EV 89.4 MPH)
Batting: SHB Greg Prime 0-0: Swinging Strike
0-1: SINGLE (Groundball, 4, EV 105.0 MPH) (infield hit)
Batting: LHB Matt Acevedo 0-0: TRIPLE (Flyball, 89XD, EV 98.8 MPH)
Greg Prime scores
Batting: RHB Antonio Torres 0-0: Ball
1-0: Called Strike
1-1: Fly out, F8 (Flyball, 8LS, EV 95.6 MPH)
Top of the 1st over - 1 run, 2 hits, 0 errors, 1 left on base; Orem 1 - Detroit (APP) 0
BOTTOM OF THE 1ST
Detroit (APP) Tigers batting - Pitching for Orem Owlz : RHP Kap-yong Cho
Pitching: RHP Kap-yong Cho
Batting: RHB Brian Bartholomew 0-0: Fly out, F9 (Flyball, 9LM, EV 84.4 MPH)
Batting: RHB Raul Villa 0-0: Called Strike
0-1: Ball
1-1: Swinging Strike
1-2: Ball
2-2: Strikes out swinging
Batting: RHB Drew Shamis 0-0: Ground out 5-3 (Groundball, 56S, EV 70.0 MPH)
Bottom of the 1st over - 0 runs, 0 hits, 0 errors, 0 left on base; Orem 1 - Detroit (APP) 0
TOP OF THE 2ND
Orem Owlz batting - Pitching for Detroit (APP) Tigers : RHP Mark Curtis
Batting: LHB Mike Martinez 0-0: Ball
1-0: Ball
2-0: Foul Ball, location: 2F
2-1: Ground out 6-3 (Groundball, 4M, EV 100.6 MPH)
Batting: RHB Matt Trevizo 0-0: Ball
1-0: Swinging Strike
1-1: Ball
2-1: Foul Ball, location: 2F
2-2: Strikes out swinging
Batting: RHB Eric Moore 0-0: Called Strike
0-1: Ball
1-1: Foul Ball, location: 2F
1-2: Ball
2-2: Ball
3-2: Strikes out swinging
Top of the 2nd over - 0 runs, 0 hits, 0 errors, 0 left on base; Orem 1 - Detroit (APP) 0
BOTTOM OF THE 2ND
Detroit (APP) Tigers batting - Pitching for Orem Owlz : RHP Kap-yong Cho
Batting: RHB Mark Williamson 0-0: Swinging Strike
0-1: Foul Ball, location: 2F
0-2: Strikes out swinging
Batting: RHB Danny Doster 0-0: Ball
1-0: Called Strike
1-1: Called Strike
1-2: Foul Ball, location: 2F
1-2: Ball
2-2: Strikes out swinging
Batting: LHB Mike Elliott 0-0: Ground out 6-3 (Groundball, 6, EV 80.6 MPH)
Bottom of the 2nd over - 0 runs, 0 hits, 0 errors, 0 left on base; Orem 1 - Detroit (APP) 0
TOP OF THE 3RD
Orem Owlz batting - Pitching for Detroit (APP) Tigers : RHP Mark Curtis
Batting: RHB Jeremy Allen 0-0: Ball
1-0: Called Strike
1-1: Called Strike
1-2: Fly out, F7 (Flyball, 7LS, EV 90.0 MPH)
Batting: RHB Carlos Martinez 0-0: Foul Ball, location: 2F
0-1: Swinging Strike
0-2: Strikes out swinging
Batting: SHB Jesse Snyder 0-0: SINGLE (Groundball, 23, EV 65.0 MPH) (infield hit)
Batting: SHB Greg Prime 0-0: Called Strike
Jesse Snyder steals 2nd base (no throw)
0-1: Swinging Strike
0-2: Ball
1-2: Ball
2-2: Fly out, F8 (Flyball, 78D, EV 96.9 MPH)
Top of the 3rd over - 0 runs, 1 hit, 0 errors, 1 left on base; Orem 1 - Detroit (APP) 0
BOTTOM OF THE 3RD
Detroit (APP) Tigers batting - Pitching for Orem Owlz : RHP Kap-yong Cho
Batting: RHB Mike Pollock 0-0: Ball
1-0: Ball
2-0: Called Strike
2-1: Foul Ball, location: 2F
2-2: Strikes out swinging
Batting: RHB Mike Ivanov 0-0: Ball
1-0: Swinging Strike
1-1: Called Strike
1-2: Foul Ball, location: 2F
1-2: Ball
2-2: Ground out 6-3 (Groundball, 56, EV 85.6 MPH)
Batting: LHB Bryan Heiner 0-0: Called Strike
0-1: Ball
1-1: Swinging Strike
1-2: DOUBLE (Line Drive, 9LS, EV 111.3 MPH)
Batting: RHB Brian Bartholomew 0-0: Foul Ball, location: 2F
0-1: SINGLE (Groundball, 4S, EV 71.3 MPH) (infield hit)
Bryan Heiner to third
Batting: RHB Raul Villa 0-0: Called Strike
0-1: Fielders Choice at 2nd, 5-4 (Groundball, 5, EV 83.1 MPH)
Bottom of the 3rd over - 0 runs, 2 hits, 0 errors, 2 left on base; Orem 1 - Detroit (APP) 0
TOP OF THE 4TH
Orem Owlz batting - Pitching for Detroit (APP) Tigers : RHP Mark Curtis
Batting: LHB Matt Acevedo 0-0: Called Strike
0-1: Called Strike
0-2: Ball
1-2: Foul Ball, location: 2F
1-2: Strikes out swinging
Batting: RHB Antonio Torres 0-0: Foul Ball, location: 2F
0-1: Called Strike
0-2: Strikes out looking
Batting: LHB Mike Martinez 0-0: Called Strike
0-1: Ball
1-1: Ball
2-1: Fly out, F7 (Flyball, 7LSF, EV 100.0 MPH)
Top of the 4th over - 0 runs, 0 hits, 0 errors, 0 left on base; Orem 1 - Detroit (APP) 0
BOTTOM OF THE 4TH
Detroit (APP) Tigers batting - Pitching for Orem Owlz : RHP Kap-yong Cho
Batting: RHB Drew Shamis 0-0: Ball
1-0: Ball
2-0: Ball
3-0: Called Strike
3-1: Base on Balls
Batting: RHB Mark Williamson 0-0: Called Strike
0-1: Ball
1-1: Swinging Strike
1-2: Ball
Drew Shamis steals 2nd base (no throw)
2-2: Ball
3-2: Foul Ball, location: 2F
3-2: Foul Ball, location: 2F
3-2: Foul Ball, location: 2F
3-2: DOUBLE (Flyball, 8RXD, EV 93.8 MPH)
Drew Shamis scores
Batting: RHB Danny Doster 0-0: Ball
1-0: Foul Ball, location: 2F
1-1: Called Strike
1-2: SINGLE (Groundball, 6MD, EV 101.3 MPH)
Mark Williamson to third
Batting: LHB Mike Elliott 0-0: Ball
1-0: Called Strike
1-1: Fielders Choice at 2nd, 3-6 (Groundball, 3, EV 85.0 MPH)
Mark Williamson scores
Batting: RHB Mike Pollock 0-0: Ball
1-0: DOUBLE (Line Drive, 9LM, EV 95.0 MPH)
Mike Elliott to third
Runner from 3rd tries for Home, SAFE, throw by RF to trailing runner, SAFE at third!
Batting: RHB Mike Ivanov 0-0: Called Strike
0-1: Ball
1-1: Ball
2-1: Swinging Strike
2-2: Ball
3-2: Strikes out swinging
Batting: LHB Bryan Heiner 0-0: Called Strike
0-1: Ball
Passed Ball!
Mike Pollock scores
1-1: Fly out, F7 (Flyball, 78S, EV 95.6 MPH)
Bottom of the 4th over - 4 runs, 3 hits, 0 errors, 0 left on base; Orem 1 - Detroit (APP) 4
TOP OF THE 5TH
Orem Owlz batting - Pitching for Detroit (APP) Tigers : RHP Mark Curtis
Batting: RHB Matt Trevizo 0-0: Ball
1-0: Foul Ball, location: 2F
1-1: Ball
2-1: Foul Ball, location: 2F
2-2: Foul Ball, location: 2F
2-2: Ground out 2-3 (Groundball, 2R, EV 68.1 MPH)
Batting: RHB Eric Moore 0-0: SINGLE (Groundball, 56D, EV 96.9 MPH)
Batting: RHB Jeremy Allen 0-0: Ball
1-0: Ball
Wild Pitch!
Eric Moore to second
2-0: Ball
3-0: Swinging Strike
3-1: Called Strike
3-2: Foul Ball, location: 2F
3-2: Strikes out swinging
Batting: RHB Carlos Martinez 0-0: Ground out 5-3 (Groundball, 5L, EV 103.1 MPH)
Top of the 5th over - 0 runs, 1 hit, 0 errors, 1 left on base; Orem 1 - Detroit (APP) 4
BOTTOM OF THE 5TH
Detroit (APP) Tigers batting - Pitching for Orem Owlz : RHP Kap-yong Cho
Batting: RHB Brian Bartholomew 0-0: Called Strike
0-1: Foul Ball, location: 2F
0-2: Strikes out looking
Batting: RHB Raul Villa 0-0: Called Strike
0-1: Ground out 4-3 (Groundball, 4, EV 90.0 MPH)
Batting: RHB Drew Shamis 0-0: Ground out 5-3 (Groundball, 5S, EV 84.4 MPH)
Bottom of the 5th over - 0 runs, 0 hits, 0 errors, 0 left on base; Orem 1 - Detroit (APP) 4
TOP OF THE 6TH
Orem Owlz batting - Pitching for Detroit (APP) Tigers : RHP Mark Curtis
Batting: SHB Jesse Snyder 0-0: Fly out, F9 (Flyball, 9LSF, EV 88.8 MPH)
Batting: SHB Greg Prime 0-0: Ball
1-0: Ball
2-0: Fly out, F9 (Flyball, 9LMF, EV 89.4 MPH)
Batting: LHB Matt Acevedo 0-0: Ball
1-0: Called Strike
1-1: SINGLE (Flyball, 9, EV 88.1 MPH)
Batting: RHB Antonio Torres 0-0: Ball
Matt Acevedo is caught stealing 2nd base 2-4
Top of the 6th over - 0 runs, 1 hit, 0 errors, 0 left on base; Orem 1 - Detroit (APP) 4
BOTTOM OF THE 6TH
Detroit (APP) Tigers batting - Pitching for Orem Owlz : RHP Kap-yong Cho
Batting: RHB Mark Williamson 0-0: Ball
1-0: Ball
2-0: Ball
3-0: Called Strike
3-1: Base on Balls
Batting: RHB Danny Doster 0-0: Fielders Choice at 2nd, 6-4 (Groundball, 6, EV 106.3 MPH)
Pitching: LHP Noah Tucker
Batting: LHB Mike Elliott 0-0: Called Strike
Danny Doster is caught stealing 2nd base 2-6
0-1: Foul Ball, location: 2F
0-2: Ball
1-2: Strikes out swinging
Bottom of the 6th over - 0 runs, 0 hits, 0 errors, 0 left on base; Orem 1 - Detroit (APP) 4
TOP OF THE 7TH
Orem Owlz batting - Pitching for Detroit (APP) Tigers : RHP Mark Curtis
Batting: RHB Antonio Torres 0-0: Swinging Strike
0-1: Called Strike
0-2: Foul Ball, location: 2F
0-2: Foul Ball, location: 2F
0-2: Foul Ball, location: 2F
0-2: Ball
1-2: Strikes out looking
Batting: LHB Mike Martinez 0-0: Ball
1-0: Ground out U3 (Groundball, 34, EV 103.1 MPH)
Batting: RHB Matt Trevizo 0-0: Called Strike
0-1: Foul Ball, location: 2F
0-2: Ball
1-2: Ball
2-2: Ground out U3 (Groundball, 34, EV 88.1 MPH)
Top of the 7th over - 0 runs, 0 hits, 0 errors, 0 left on base; Orem 1 - Detroit (APP) 4
BOTTOM OF THE 7TH
Detroit (APP) Tigers batting - Pitching for Orem Owlz : LHP Noah Tucker
Batting: RHB Mike Pollock 0-0: Called Strike
0-1: Ball
1-1: Ball
2-1: Ball
3-1: Swinging Strike
3-2: Foul Ball, location: 2F
3-2: Base on Balls
Batting: RHB Mike Ivanov 0-0: Bunted foul
0-1: Bunt missed!
0-2: Foul Ball, location: 2F
0-2: Foul Ball, location: 2F
0-2: Grounds out, U3 (Groundball, 3L, EV 85.0 MPH)
Batting: LHB Bryan Heiner 0-0: Called Strike
0-1: Ball
1-1: Ball
2-1: Ground out U3 (Groundball, 34, EV 80.0 MPH)
Mike Pollock to third
Batting: RHB Brian Bartholomew 0-0: Ball
1-0: Ball
2-0: Ball
3-0: Base on Balls
Batting: RHB Raul Villa 0-0: Ball
1-0: Called Strike
1-1: Swinging Strike
1-2: Ball
2-2: Foul Ball, location: 2F
2-2: SINGLE (Groundball, 25, EV 68.1 MPH) (infield hit)
Mike Pollock scores
Brian Bartholomew to second
Batting: RHB Drew Shamis 0-0: Foul Ball, location: 2F
0-1: SINGLE (Groundball, 4MD, EV 105.0 MPH)
Brian Bartholomew to third
Raul Villa to second
Runner from 3rd tries for Home, throw by CF and OUT! 8-2
Bottom of the 7th over - 1 run, 2 hits, 0 errors, 2 left on base; Orem 1 - Detroit (APP) 5
TOP OF THE 8TH
Orem Owlz batting - Pitching for Detroit (APP) Tigers : RHP Mark Curtis
Pitching: RHP Danny Guevara
Batting: RHB Eric Moore 0-0: Foul Ball, location: 2F
0-1: Fly out, F8 (Flyball, 89D, EV 103.1 MPH)
Batting: RHB Jeremy Allen 0-0: Called Strike
0-1: Ball
1-1: Ground out 5-3 (Groundball, 56, EV 86.3 MPH)
Batting: RHB Carlos Martinez 0-0: Ball
1-0: Foul Ball, location: 2F
1-1: Ball
2-1: Called Strike
2-2: Strikes out swinging
Top of the 8th over - 0 runs, 0 hits, 0 errors, 0 left on base; Orem 1 - Detroit (APP) 5
BOTTOM OF THE 8TH
Detroit (APP) Tigers batting - Pitching for Orem Owlz : LHP Noah Tucker
Pitching: RHP Alberto Gonzales
Batting: RHB Mark Williamson 0-0: Reached on error, E5 (Groundball, 5L, EV 79.4 MPH)
Batting: RHB Danny Doster 0-0: DOUBLE (Groundball, 5L, EV 100.0 MPH)
Mark Williamson to third
Batting: LHB Mike Elliott 0-0: Ball
1-0: Foul Ball, location: 2F
1-1: Called Strike
1-2: Foul Ball, location: 2F
1-2: Strikes out swinging
Batting: RHB Mike Pollock 0-0: Ball
1-0: Called Strike
1-1: Ball
2-1: Swinging Strike
2-2: Ball
3-2: Strikes out swinging
Batting: RHB Mike Ivanov 0-0: Ground out 2-3 (Groundball, 13S, EV 72.5 MPH)
Bottom of the 8th over - 0 runs, 1 hit, 1 error, 2 left on base; Orem 1 - Detroit (APP) 5
TOP OF THE 9TH
Orem Owlz batting - Pitching for Detroit (APP) Tigers : RHP Danny Guevara
Batting: SHB Jesse Snyder 0-0: Ball
1-0: Foul Ball, location: 2F
1-1: Called Strike
1-2: Ball
2-2: Ball
3-2: SINGLE (Groundball, 6D, EV 103.1 MPH)
Batting: SHB Greg Prime 0-0: Called Strike
0-1: Foul Ball, location: 2F
0-2: Ball
1-2: Hit by Pitch
Jesse Snyder to second
Pitching: RHP Mike Manis
Batting: LHB Matt Acevedo 0-0: Ball
1-0: Fly out, F8 (Flyball, 8LS, EV 88.1 MPH)
Batting: RHB Antonio Torres 0-0: Ball
1-0: Grounds into double play, 6-4-3 (Groundball, 6, EV 108.1 MPH)
Top of the 9th over - 0 runs, 1 hit, 0 errors, 1 left on base; Orem 1 - Detroit (APP) 5
Tuesday, September 13th , 2022 - OOTP Baseball 23.7 Build 88